 Dungeon Crawl Stone Soup version 0.17.2-1-ge4368a0 (webtiles) character file.

2748 Goblin1989 the Slicer (level 9, -2/46 HPs)
             Began as a Vine Stalker Gladiator on July 19, 2018.
             Was an Initiate of Elyvilon.
             Slain by Alipheese's ghost (16 damage)
             ... in a bailey.
             The game lasted 00:19:18 (5043 turns).

Goblin1989 the Slicer (Vine Stalker Gladiator)      Turns: 5043, Time: 00:19:19

Health: -2/46      AC:  5    Str: 17    XL:     9   Next: 68%
Magic:  0/10       EV: 14    Int: 12    God:    Elyvilon [......]
Gold:   398        SH: 11    Dex: 23    Spells: 0 memorised, 8 levels left

rFire  . . .     SeeInvis .     h - +3 dagger (elec)
rCold  + . .     Clarity  .     b - +0 leather armour
rNeg   . . .     SustAt   .     t - +1 shield
rPois  .         Gourm    .     c - +0 helmet
rElec  .         Spirit   +     r - +0 cloak
rCorr  .         Warding  .     (no gloves)
rMut   +         Stasis   .     (no boots)
MR     ++...                    j - amulet of resist mutation
Stlth  +++.......               (no ring)
                                d - ring of Pesaboif {*Corrode rC+ MR+ Int+4 Dex+4}

@: very resistant to hostile enchantments, fairly stealthy
A: fangs 3, sense surroundings 1, regeneration 2, magic shield, antimagic bite,
no device heal 3, rot immunity
a: Renounce Religion


You were in a bailey.
You worshipped Elyvilon.
Elyvilon was noncommittal.
You were not hungry.

You visited 2 branches of the dungeon, and saw 8 of its levels.
You also visited: Bailey.

You collected 398 gold pieces.

Inventory:

Hand Weapons
 h - a +3 dagger of electrocution (weapon)
Missiles
 Z - 3 throwing nets (quivered) {!d, =f}
Armour
 b - a +0 leather armour (worn)
 c - a +0 helmet (worn)
 r - a +0 cloak (worn)
 t - a +1 shield (worn)
Jewellery
 d - the ring of Pesaboif (left hand) {*Corrode rC+ MR+ Int+4 Dex+4}
   (You found it on level 7 of the Dungeon)

   [ring of protection from cold]

   It affects your intelligence (+4).
   It affects your dexterity (+4).
   It protects you from cold.
   It affects your resistance to hostile enchantments.
   It may corrode your equipment when you take damage.
 j - an amulet of resist mutation (around neck)
 u - an uncursed ring of fire
Wands
 x - a wand of slowing (28)
 J - a wand of polymorph (0)
Scrolls
 k - 3 scrolls of fog
 n - a scroll of enchant weapon
 o - 4 scrolls of remove curse {@r2}
 w - a scroll of immolation
 D - 3 scrolls of enchant armour
 R - a scroll of identify {@r1}
 T - 3 scrolls of teleportation {@r3, !r}
Potions
 i - a potion of mutation
 l - a potion of haste
 s - 2 potions of heal wounds {@q2, !q}
 E - a potion of lignification
 F - a potion of poison
Comestibles
 e - 7 bread rations {@e1}
 g - 7 fruits
 z - 2 meat rations {@e2}
 A - a beef jerky
 C - a slice of pizza


   Skills:
 + Level 4.4 Fighting
 * Level 8.7 Short Blades
 - Level 1.7 Throwing
 + Level 4.8 Dodging
 - Level 5.9 Stealth
 + Level 3.8 Shields


You had 8 spell levels left.
You didn't know any spells.

Dungeon Overview and Level Annotations

Branches:
Dungeon (7/15)             Temple (1/1) D:5

Altars:
Ashenzari
Cheibriados
Dithmenos
Elyvilon
Fedhas
Gozag
Kikubaaqudgha
Makhleb
Nemelex Xobeh
Okawaru
Ru
Sif Muna
Trog
Xom
Yredelemnul
Zin
The Shining One

Annotations:
Bailey Alipheese's ghost, novice NaFi


Innate Abilities, Weirdness & Mutations

You have razor-sharp teeth.
You heal very quickly.
When hurt, damage is shared between your health and your magic reserves.
Your bite disrupts and absorbs the magic of your enemies.
Potions and wands cannot restore your health.
You are immune to rotting.
You passively map a small area around you.


Message History

You start resting.
Eating a chunk of flesh.
This raw flesh tastes terrible.
You continue eating. x2
You feel a little less mighty now.
You regained 6 hp, and now have 20/46 hp.
You start resting.
You regained 2 hp, and now have 22/46 hp.
An orc is nearby!
Things that are here:
a spear; a ring mail; an orc corpse The orc barely misses you.
You hit the orc.
The orc is lightly wounded.
The orc hits you with a trident.
* * * LOW HITPOINT WARNING * * *
You take 3 damage, and have 20/46 hp.
You now have 8/10 mp.
You closely miss the orc. You bite the orc, but do no damage.
The orc is lightly wounded.
You hit the orc.
There is a sudden explosion of sparks!
You kill the orc!
Things that are here:
a trident; a chain mail
Things that are here:
a trident; a chain mail
Things that are here:
a spear; a ring mail; an orc corpse; MP restored: 10 You start resting.
Your magical contamination has completely faded away.
You regained 4 hp, and now have 29/46 hp.
You start resting.
HP restored.
Health restored: 46 Unknown command.
Things that are here:
a trident; a chain mail Alipheese's ghost turns its malevolent gaze towards you.
The orc shouts!
You hit Alipheese's ghost but do no damage.
You bite Alipheese's ghost, but do no damage.
You hit Alipheese's ghost but do no damage.
You block Alipheese's ghost's attack. The orc hits you but does no damage.
You hit Alipheese's ghost but do no damage.
You bite Alipheese's ghost. You drain its power.
Alipheese's ghost is lightly damaged.
Alipheese's ghost hits you!
You take 11 damage, and have 35/46 hp.
O_OOPS!!
MASSIVE DAMAGE!!
You now have 8/10 mp.
You hit Alipheese's ghost but do no damage.
You bite Alipheese's ghost, but do no damage.
Alipheese's ghost is lightly damaged.
You block the orc's attack.
You hit Alipheese's ghost but do no damage.
Your bite misses Alipheese's ghost.
Alipheese's ghost is lightly damaged.
Alipheese's ghost hits you.
The orc hits you from afar with a spear.
You take 6 damage, and have 30/46 hp.
You now have 7/10 mp.
You hit Alipheese's ghost. Your bite misses Alipheese's ghost.
Alipheese's ghost is lightly damaged.
You block Alipheese's ghost's attack.
You hit Alipheese's ghost but do no damage.
You bite Alipheese's ghost, but do no damage.
Alipheese's ghost is lightly damaged.
The orc misses you.
You hit Alipheese's ghost but do no damage.
There is a sudden explosion of sparks!
You bite Alipheese's ghost! You drain its power.
You feel invigorated.
Alipheese's ghost is moderately damaged.
Alipheese's ghost closely misses you.
The orc hits you from afar with a spear.
You take 1 damage, and have 30/46 hp.
MP restored: 10 You hit Alipheese's ghost but do no damage.
You bite Alipheese's ghost, but do no damage.
Alipheese's ghost is moderately damaged.
Alipheese's ghost closely misses you.
The orc shouts!
You hit Alipheese's ghost.
You bite Alipheese's ghost, but do no damage.
Alipheese's ghost is moderately damaged.
You block the orc's attack.
You hit Alipheese's ghost but do no damage.
You bite Alipheese's ghost, but do no damage.
Alipheese's ghost is moderately damaged.
You block Alipheese's ghost's attack. You block the orc's attack.
You hit Alipheese's ghost but do no damage.
You bite Alipheese's ghost, but do no damage.
Alipheese's ghost is moderately damaged.
Alipheese's ghost hits you!!
* * * LOW HITPOINT WARNING * * *
You take 19 damage, and have 12/46 hp.
O_OOPS!!
MASSIVE DAMAGE!!
You now have 4/10 mp.
You block Alipheese's ghost's attack.
You hit Alipheese's ghost but do no damage.
There is a sudden explosion of sparks!
You bite Alipheese's ghost, but do no damage.
Alipheese's ghost is heavily damaged.
You block the orc's attack.
Alipheese's ghost hits you but does no damage.
You are electrocuted!
You die...

██..≈.█ · ·
█·██..≈≈.█ ·
█∆█.o≈≈.∩█ · ≈
█∆█..≈≈.██ · ·
..██.██..≈≈.█ ≈ ≈
∆...██..≈.█ · ▓
.....██o≈.█ ▓▓
██████████W≈.█ ▓ ·
··██........@.≈.█ ██
██..≈≈≈≈≈≈≈≈≈≈.█ )██
██..≈≈..........█
..███..≈≈..██████████
≈..)..≈≈..██
≈≈≈≈≈≈≈..██
........██


█████████ You could see Alipheese's ghost and an orc.

Vanquished Creatures
  Pikel (D:5)
  The ghost of hexophile the Cleaver, a novice NaBe of Trog (D:5)
  Sigmund (D:2)
  Menkaure (D:4)
  An orc warrior (Bailey)
  A water moccasin (D:6)
  A sky beast (D:7)
  2 slaves (D:4)
  3 ogres
  2 centaurs
  Blork the orc (D:5)
  3 scorpions
  3 giant frogs
  A crimson imp (D:5)
  3 giant frog zombies
  An orc priest (D:5)
  A wasp zombie (D:6)
  2 hounds
  Crazy Yiuf (D:2)
  Ijyb (D:3)
  An orc wizard (D:5)
  2 centaur skeletons
  An iguana (D:5)
  A mummy (D:5)
  10 adders
  A shadow imp (D:6)
  A worm (D:4)
  An adder skeleton (D:4)
  2 giant geckos (D:6)
  6 orcs
  A ball python (D:1)
  4 giant cockroaches
  15 goblins
  9 hobgoblins
  15 jackals
  3 quokkas
  5 bats
  4 giant newts
  A hobgoblin zombie (D:5)
  4 kobolds
  A kobold zombie (D:5)
  2 orc zombies (D:5)
  9 rats
130 creatures vanquished.

Vanquished Creatures (others)
  An orc (D:5)
1 creature vanquished.

Grand Total: 131 creatures vanquished

Notes
Turn   | Place    | Note
--------------------------------------------------------------
     0 | D:1      | Goblin1989 the Vine Stalker Gladiator began the quest for the Orb.
     0 | D:1      | Reached XP level 1. HP: 11/11 MP: 2/2
    80 | D:1      | Reached skill level 3 in Short Blades
   255 | D:1      | Reached XP level 2. HP: 15/15 MP: 3/3
   747 | D:2      | Reached XP level 3. HP: 18/18 MP: 4/4
   774 | D:2      | Reached skill level 4 in Short Blades
   835 | D:2      | Noticed Sigmund
   876 | D:2      | Killed Sigmund
   876 | D:2      | Reached skill level 5 in Short Blades
   876 | D:2      | Reached XP level 4. HP: 19/23 MP: 3/5
   876 | D:2      | Reached XP level 5. HP: 21/26 MP: 3/6
  1167 | D:2      | Noticed Crazy Yiuf
  1171 | D:2      | Killed Crazy Yiuf
  1171 | D:2      | Reached skill level 6 in Short Blades
  1171 | D:2      | Gained mutation: You heal very quickly. [Vine Stalker growth]
  1171 | D:2      | Reached XP level 6. HP: 30/30 MP: 7/7
  1786 | D:3      | Noticed Ijyb
  1792 | D:3      | Killed Ijyb
  1792 | D:3      | Reached skill level 1 in Stealth
  1979 | D:4      | Noticed Menkaure
  2000 | D:4      | Killed Menkaure
  2000 | D:4      | Reached XP level 7. HP: 32/35 MP: 6/8
  2157 | D:4      | Reached skill level 1 in Shields
  2263 | D:4      | Found a sacrificial altar of Ru.
  2349 | D:5      | Entered Level 5 of the Dungeon
  2350 | D:5      | Noticed Pikel
  2470 | D:5      | Found a staircase to the Ecumenical Temple.
  2479 | Temple   | Entered the Ecumenical Temple
  2615 | D:5      | Noticed hexophile's ghost (novice NaBe)
  2659 | D:5      | Killed Pikel
  2659 | D:5      | Reached skill level 7 in Short Blades
  2659 | D:5      | Gained mutation: You have razor-sharp teeth. [Vine Stalker growth]
  2659 | D:5      | Reached XP level 8. HP: 35/40 MP: 9/9
  2795 | D:5      | Noticed Blork the orc
  2803 | D:5      | Killed Blork the orc
  2879 | D:5      | Killed hexophile's ghost
  2879 | D:5      | Reached skill level 8 in Short Blades
  2879 | D:5      | Reached XP level 9. HP: 42/45 MP: 10/10
  3408 | D:6      | Reached skill level 5 in Stealth
  3430 | D:6      | Found an opulent altar of Gozag.
  4502 | D:7      | Found a white marble altar of Elyvilon.
  4503 | D:7      | Found a glowing golden altar of the Shining One.
  4504 | D:7      | Found a glowing silver altar of Zin.
  4510 | D:7      | Became a worshipper of Elyvilon the Healer
  4518 | D:7      | Got a clouded golden ring
  4519 | D:7      | Identified the ring of Pesaboif {*Corrode rC+ MR+ Int+4 Dex+4} (You found it on level 7 of the Dungeon)
  4766 | D:7      | Found a flagged portal.
  4780 | Bailey   | Entered a bailey
  4814 | Bailey   | Noticed Alipheese's ghost (novice NaFi)
  4902 | Bailey   | Gained mutation: You passively map a small area around you. [potion of mutation]
  5043 | Bailey   | Slain by Alipheese's ghost

Action                   |  1- 3 |  4- 6 |  7- 9 || total
-------------------------+-------+-------+-------++-------
Melee: Rapier            |    14 |       |       ||    14
       Dagger            |    61 |    84 |   231 ||   376
Throw: Throwing net      |     1 |       |       ||     1
Evoke: Wand              |       |       |     3 ||     3
  Use: Scroll            |       |       |    10 ||    10
       Potion            |       |       |     8 ||     8
 Stab: Held in net/web   |     1 |       |       ||     1
       Sleeping          |       |     1 |     9 ||    10
  Eat: Chunk             |       |     3 |    10 ||    13

Vault maps used:
D:1:      eino_arrival_water_star
D:2:      minmay_misc_feat_more_columns, interstate_on_off,
          uniq_crazy_yiuf_cottage, uniq_sigmund
D:3:      kennysheep_goblin_castle
D:4:      kennysheep_mini, uniq_menkaure
D:5:      temple_fountains, first_bread, minmay_mini_ossuary,
          uniq_blork_the_orc, uniq_pikel
D:6:      grunt_gozag_statues
D:7:      good_gods_temple_1, amethyst_overflow_temple_binary, enter_bailey_2,
          grunt_ogre_cave, bh_walls_and_bars
Temple:   zaba_magenta_temple_12
Bailey:   bailey_polearm_1, bailey
